 Dungeon Crawl Stone Soup version 0.29-a0-993-g4a18f31a58 (console) character file.

Game seed: 16782780741157836674

830 capslocke the Magician (level 8, -2/52 HPs)
             Began as a Djinni Ice Elementalist on Aug 3, 2022.
             Slain by Edmund
             ... wielding a +2 vorpal flail
              (9 damage)
             ... on level 5 of the Dungeon.
             The game lasted 00:19:54 (5533 turns).

capslocke the Magician (Djinni Ice Elementalist)    Turns: 5533, Time: 00:19:54

Health: -2/52      AC:  4    Str:  7    XL:     8   Next: 18%
Gold:   144        EV: 12    Int: 20    God:
                   SH: 10    Dex: 13

rFire   + + .      SeeInvis .   d - +3 whip
rCold   x . .      Faith    .   y - +0 tower shield
rNeg    . . .      Spirit   .   a - +0 robe
rPois   ∞          Reflect  .   f - +0 helmet
rElec   .          Harm     .   z - +0 cloak
rCorr   .          Rampage  .   (no gloves)
Will    .....                   (boots unavailable)
Stlth   ++........              (no amulet)
HPRegen 0.17/turn               i - +4 ring of evasion
MPRegen 0.00/turn               (no ring)

@: flying, very slightly contaminated
A: sickness immunity, fire resistance 2, cold vulnerability 1, float, innate
caster, HP casting, extra vitality 1
a: no special abilities


You were on level 5 of the Dungeon.
You visited 1 branch of the dungeon, and saw 5 of its levels.
You also visited: Sewer.

You collected 144 gold pieces.

Inventory:

Hand Weapons
 d - a +3 whip (weapon)
Missiles
 r - a curare-tipped dart
 s - 8 poisoned darts
Armour
 a - a +0 robe (worn)
 f - a +0 helmet (worn)
 y - a +0 tower shield (worn)
 z - a +0 cloak (worn)
Jewellery
 i - a +4 ring of evasion (left hand)
Scrolls
 e - a scroll of magic mapping {unknown}
 g - a scroll of identify {unknown}
 j - a scroll of teleportation {unknown}
 l - 2 scrolls of poison {unknown}
 n - 2 scrolls of enchant weapon {unknown}
 p - 3 scrolls of immolation {unknown}
 q - a scroll of enchant armour {unknown}
 t - a scroll of fog {unknown}
 w - a scroll of fear {unknown}
Potions
 b - a potion of invisibility {unknown}
 c - a potion of heal wounds
 h - a potion of lignification {unknown}
 k - 3 potions of curing
 m - a potion of degeneration {unknown}
 o - 4 potions of flight
 u - a potion of brilliance {unknown}
 v - a potion of mutation {unknown}
 x - a potion of berserk rage {unknown}


   Skills:
 + Level 1.6 Fighting
 + Level 0.1 Throwing
 + Level 3.4 Dodging
 - Level 1.5 Stealth
 + Level 7.0 Spellcasting


You had 5 spell levels left.
You knew the following spells:

 Your Spells              Type           Power      Damage    Failure   Level
a - Freeze                Ice            100%       1d11      10%         1
b - Frozen Ramparts       Ice            70%        1d15      28%         3
c - Ozocubu's Armour      Ice            35%        N/A       28%         3
d - Hailstorm             Conj/Ice       35%        3d9       67%         4
e - Slow                  Hex            100%       N/A       10%         1
f - Searing Ray           Conj           70%        2d7       14%         2
g - Blink                 Tloc           70%        N/A       14%         2
Your spell library was empty.

Dungeon Overview and Level Annotations

Branches:
Dungeon (5/15)              Sewer (visited)
 Temple: D:4-7

Altars:

Annotations:
D:4 3 runed translucent doors, exclusion: statue, flotson's ghost, novice DsDe
D:5 Edmund


Innate Abilities, Weirdness & Mutations

You are immune to sickness and miasma.
You are immune to poison.
Your flesh is very heat resistant. (rF++)
You are vulnerable to cold. (rC-)
You float through the air rather than walking.
You learn spells naturally, not from books.
Your magical power is your life essence.
You have superior vitality. (+4 MHP)


Message History

Aiming: Searing Ray (safe; 14% risk of failure)
Press: ? - help, Shift-Dir - straight line, f/p - Edmund
Aim: Edmund, wielding a +2 vorpal flail and wearing a +0 leather armour (81% to hit)
The searing ray hits Edmund.
Edmund is lightly wounded. (Press . to maintain the ray.)
You block Edmund's attack.
The searing ray hits Edmund!
Edmund is moderately wounded.
You block Edmund's attack.
The searing ray hits Edmund!
Edmund is heavily wounded.
A dart slug comes into view.
Edmund hits you with a +2 vorpal flail!
The searing ray hits Edmund!
Edmund is severely wounded.
You finish channelling your searing ray.
Edmund hits you but does no damage. Edmund hits you with a +2 vorpal flail!
Casting: Searing Ray (safe; 14% risk of failure)
Confirm with . or Enter, or press ? or * to list all spells.
Aiming: Freeze (safe; 10% risk of failure)
Press: ? - help, Shift-Dir - straight line, f/p - Edmund
Aim: Edmund, wielding a +2 vorpal flail and wearing a +0 leather armour (severely wounded)
You freeze Edmund.
Edmund is almost dead.
The orc closely misses you. Edmund hits you with a +2 vorpal flail!
* * * LOW HITPOINT WARNING * * *
Casting: Freeze (safe; 10% risk of failure)
Confirm with . or Enter, or press ? or * to list all spells.
Aiming: Freeze (safe; 10% risk of failure)
Press: ? - help, Shift-Dir - straight line, f/p - Edmund
Aim: Edmund, wielding a +2 vorpal flail and wearing a +0 leather armour (almost dead)
You freeze Edmund.
Edmund is almost dead.
* * * LOW HITPOINT WARNING * * *
The orc hits you with a +0 hand axe.
* * * LOW HITPOINT WARNING * * *
Edmund hits you with a +2 vorpal flail!
You die...

.... . ...# §§§## #..#
≈§... #..# [.# ≈≈≈..
#.w# ..# §≈...##.. ...##
#..o.# #@..# # #..#@#
#...# . #.†@# #...# .#
######.#######†..##.###
.........##.............
.#####......@..........#
#.####............. #.
#####...##### #. #...#
#. #...#


You could see Edmund, a dart slug and an orc.

Vanquished Creatures
  Menkaure (D:5)
  A sky beast (D:4)
  2 ogres (D:4)
  A kobold brigand (Sewer)
  A scorpion (D:5)
  2 hounds
  An iguana (D:5)
  2 orc wizards (D:3)
  3 gnolls (D:3)
  7 adders
  2 worms
  A dart slug (D:4)
  4 orcs
  6 bats
  6 endoplasms
  6 giant cockroaches
  9 goblins
  6 hobgoblins
  5 jackals
  9 kobolds
  3 quokkas
  7 ball pythons
  2 frilled lizards (D:2)
  6 rats
93 creatures vanquished.

Vanquished Creatures (others)
  A fungus (D:1)
1 creature vanquished.

Grand Total: 94 creatures vanquished

Notes
Turn   | Place    | Note
-------+----------+-------------------------------------------
     0 | D:1      | capslocke the Djinni Ice Elementalist began the quest for
                  | the Orb.
     0 | D:1      | capslocke set off with the following spells memorised:
                  | Freeze, Frozen Ramparts, Ozocubu's Armour, Hailstorm.
     0 | D:1      | Reached XP level 1. HP: 15/15 MP: 0/0
   165 | D:1      | Found a faded altar of an unknown god.
   245 | D:1      | Reached XP level 2. HP: 15/21 MP: 0/0
  1273 | D:2      | Reached XP level 3. HP: 24/25 MP: 0/0
  1273 | D:2      | Learned a level 1 spell: Slow
  1670 | D:2      | Reached skill level 4 in Spellcasting
  1844 | D:2      | Reached XP level 4. HP: 25/31 MP: 0/0
  2366 | D:3      | Found a glowing drain.
  2373 | Sewer    | Entered a sewer
  2547 | Sewer    | Noticed a kobold brigand
  2571 | Sewer    | Killed a kobold brigand
  2572 | Sewer    | Reached XP level 5. HP: 21/36 MP: 0/0
  2572 | Sewer    | Learned a level 2 spell: Searing Ray
  2706 | Sewer    | Reached skill level 5 in Spellcasting
  2725 | Sewer    | Found a white marble altar of Elyvilon.
  2833 | D:3      | Reached skill level 1 in Fighting
  3082 | D:3      | Reached XP level 6. HP: 41/42 MP: 0/0
  3997 | D:4      | Noticed an ogre
  4003 | D:4      | Killed an ogre
  4004 | D:4      | Reached XP level 7. HP: 10/47 MP: 0/0
  4004 | D:4      | Learned a level 2 spell: Blink
  4287 | D:4      | Found a runed translucent gate.
  4287 | D:4      | Found a runed translucent gate.
  4287 | D:4      | Found a runed translucent gate.
  4387 | D:4      | Noticed flotson's ghost (novice DsDe)
  4460 | D:4      | Reached skill level 6 in Spellcasting
  5316 | D:5      | Entered Level 5 of the Dungeon
  5493 | D:5      | Noticed Menkaure
  5501 | D:5      | Killed Menkaure
  5502 | D:5      | Reached XP level 8. HP: 21/52 MP: 0/0
  5512 | D:5      | Noticed Edmund
  5513 | D:5      | Reached skill level 7 in Spellcasting
  5533 | D:5      | Slain by Edmund

Illustrated notes

Levels and vault maps discovered:
D:1:      lemuel_arrival_river_ford, layout_loops_ring,
          shapermc_ecumenical_altar_gd
D:2:      layout_basic
D:3:      layout_basic, gup_sewer_entry_bubbles, minmay_shallow_snake_nest
D:4:      layout_loops_ring, vehumet_statue, gammafunk_ghost_icy
D:5:      layout_loops_cross, kennysheep_cross_bottleneck,
          amcnicky_mini_pool_medium, uniq_menkaure, uniq_edmund

Skill      XL: |  1  2  3  4  5  6  7  8 |
---------------+-------------------------+-----
Spellcasting   | 4 5 6 7 |  7.0
Fighting       | 1 |  1.6
Dodging        | 3 |  3.4
Throwing       | |  0.1
Stealth        | |  1.5

Action                   |  1- 3 |  4- 6 |  7- 9 || total
-------------------------+-------+-------+-------++-------
Melee: Unarmed           |     1 |       |       ||     1
       Whip              |     5 |    18 |     3 ||    26
Throw: Dart              |       |     1 |       ||     1
 Cast: Freeze            |    44 |    79 |    12 ||   135
       Ozocubu's Armour  |     2 |     2 |       ||     4
       Searing Ray       |       |     4 |    28 ||    32
       Frozen Ramparts   |       |       |     1 ||     1
  Use: Potion            |       |     1 |     2 ||     3
 Stab: Sleeping          |     3 |     1 |     1 ||     5
Armor: Robe              |     5 |    14 |     5 ||    24
Dodge: Dodged            |    23 |    67 |     9 ||    99
Block: Tower shield      |       |       |     7 ||     7

Table legend: (Time is in decaauts)
 A = Elapsed time spent in this place.
 B = Non-inter-level travel time spent in this place.
 C = Inter-level travel time spent in this place.
 D = Time resting spent in this place.
 E = Time spent auto-exploring this place.
 F = Levels seen in this place.
 G = Mean time per level.
                   A        B        C        D        E       F      G
               +--------+--------+--------+--------+--------+-----+--------+
         Total |   5534 |   5433 |    101 |   1656 |   3032 |   6 |  922.3 |
       Dungeon |   5138 |   5037 |    101 |   1412 |   2973 |   5 | 1027.6 |
         Sewer |    395 |    395 |      0 |    244 |     59 |   1 |  395.0 |
               +--------+--------+--------+--------+--------+-----+--------+

Top non-repeatable levels by time:
     D:4: 1325 daAuts
     D:3: 1298 daAuts
     D:1: 1153 daAuts
     D:2: 1144 daAuts
   Sewer: 395 daAuts
     D:5: 216 daAuts
